 Dungeon Crawl Stone Soup version 0.22.0-18-ge075c0d (webtiles) character file.

763 Inarius the Ruffian (level 7, -7/60 HPs)
             Began as a Ghoul Monk on Aug 18, 2018.
             Mangled by Prince Ribbit (8 damage)
             ... on level 5 of the Dungeon.
             The game lasted 00:08:13 (3426 turns).

Inarius the Ruffian (Ghoul Monk)                    Turns: 3426, Time: 00:08:13

Health: -7/60      AC: 10    Str: 17    XL:     7   Next: 81%
Magic:  6/6        EV: 12    Int:  5    God:
Gold:   162        SH:  7    Dex: 16    Spells: 6/6 levels left

rFire    . . .     SeeInvis .     - Unarmed
rCold    + . .     Gourm    .   l - +0 shield
rNeg     + + +     Faith    .   r - +0 chain mail
rPois    ∞         Spirit   .   m - +0 helmet
rElec    .         Reflect  .   (no cloak)
rCorr    .         Harm     .   (no gloves)
MR       .....                  (no boots)
Stlth    ..........             (no amulet)
HPRegen  0.00/turn              j - +1 ring of evasion
MPRegen  0.10/turn              (no ring)

@: agile, rotting
A: rotting body, claws 1, carnivore, cold resistance 1, negative energy
resistance 3, inhibited regeneration, torment resistance, unbreathing
a: no special abilities


You were on level 5 of the Dungeon.
You were not hungry.

You visited 2 branches of the dungeon, and saw 6 of its levels.

You collected 162 gold pieces.

Inventory:

Armour
 l - a +0 shield (worn)
 m - a +0 helmet (worn)
 r - a +0 chain mail (worn)
Jewellery
 j - a +1 ring of evasion (left claw)
 t - a cursed -3 ring of slaying {unknown}
Scrolls
 c - 9 scrolls of identify {unknown}
 d - a scroll of enchant weapon {unknown}
 e - a scroll of remove curse
 f - 2 scrolls of blinking {unknown}
 h - a scroll of teleportation {unknown}
 i - a scroll of immolation {unknown}
 n - a scroll of enchant armour {unknown}
 q - a scroll of amnesia {unknown}
 u - a scroll of random uselessness {unknown}
Potions
 a - a potion of mutation {unknown}
 g - a potion of agility
 k - a potion of resistance {unknown}
 o - 2 potions of heal wounds {unknown}
 p - 2 potions of curing {unknown}
 s - a potion of invisibility {unknown}
Comestibles
 b - 5 rations


   Skills:
 + Level 4.3 Fighting
 + Level 3.4 Armour
 + Level 4.0 Dodging
 - Level 2.2 Stealth
 + Level 0.4 Shields
 + Level 7.2 Unarmed Combat


You had 6 spell levels left.
You didn't know any spells.
Your spell library was empty.

Dungeon Overview and Level Annotations

Branches:
Dungeon (5/15)             Temple (1/1) D:4

Altars:
Ashenzari
Cheibriados
Dithmenos
Elyvilon
Fedhas
Gozag
Hepliaklqana
Nemelex Xobeh
Sif Muna
Trog
Uskayaw
Vehumet
Wu Jian
Yredelemnul
The Shining One

Annotations:
D:5 Prince Ribbit


Innate Abilities, Weirdness & Mutations

Your body is rotting away.
You thrive on raw meat.
You are immune to poison.
You have sharp fingernails.
You are carnivorous and can eat meat at any time.
Your flesh is cold resistant. (rC+)
You are immune to negative energy. (rN+++)
You do not regenerate when monsters are visible.
You are immune to unholy pain and torment.
You can survive without breathing.


Message History

The sky beast is severely wounded.
The sky beast hits you but does no damage.
Prince Ribbit hits you but does no damage.
You completely miss the sky beast.
The sky beast is severely wounded.
Prince Ribbit hits you but does no damage.
The sky beast flickers out of sight!
Deactivating autopickup; reactivate with Ctrl-A.
Something hits you but does no damage.
Your shield and chain mail prevent you from hitting something.
Prince Ribbit hits you.
* * * LOW HITPOINT WARNING * * *
Something hits you but does no damage. Prince Ribbit hits you!
* * * LOW HITPOINT WARNING * * *
Okay, then.
It was a potion of agility.
You feel agile all of a sudden. Something hits you but does no damage.
Prince Ribbit misses you.
You closely miss something. Prince Ribbit hits you!
You die...

....... # ###
...... ##.
..####.....
#.⌠#####⌠.##......
#.##...##.##.Z....
#.#.⌠.⌠.#.##.....>
#....<..#.'..(....
#F#.⌠.⌠.#.#.......
#@##...##.#.......
#.{#####⌠.#.......
##.......##.......
#########........
.........
.........
..........


You could see Prince Ribbit.

Vanquished Creatures
  Eustachio (D:4)
  An ogre (D:4)
  A scorpion (D:4)
  A crimson imp (D:5)
  2 hounds (D:4)
  2 orc priests
  2 bullfrog skeletons
  2 orc wizards (D:4)
  2 hound skeletons (D:4)
  Robin (D:2)
  8 adders
  An ooze (D:2)
  An adder skeleton (D:3)
  3 dart slugs
  2 leopard geckos (D:2)
  10 orcs
  5 giant cockroaches
  21 goblins
  7 hobgoblins
  3 jackals (D:3)
  4 quokkas
  A ball python (D:2)
  9 bats
  8 frilled lizards
  A jackal skeleton (D:4)
  11 kobolds
  A leopard gecko skeleton (D:4)
  7 rats
118 creatures vanquished.

Notes
Turn   | Place    | Note
-------+----------+-------------------------------------------
     0 | D:1      | Inarius the Ghoul Monk began the quest for the Orb.
     0 | D:1      | Reached XP level 1. HP: 19/19 MP: 0/0
   155 | D:1      | Reached XP level 2. HP: 26/26 MP: 1/1
   829 | D:2      | Reached XP level 3. HP: 21/33 MP: 2/2
   923 | D:2      | Reached skill level 4 in Unarmed Combat
   956 | D:2      | Reached XP level 4. HP: 37/40 MP: 3/3
   983 | D:2      | Reached skill level 1 in Armour
  1149 | D:2      | Noticed Robin
  1432 | D:2      | Killed Robin
  1523 | D:2      | Found a radiant altar of Vehumet.
  1567 | D:2      | Found a faded altar of an unknown god.
  1581 | D:2      | Reached XP level 5. HP: 46/46 MP: 4/4
  2236 | D:3      | Reached skill level 5 in Unarmed Combat
  2301 | D:3      | Found an ornate altar of the Wu Jian Council.
  2448 | D:4      | Reached XP level 6. HP: 50/52 MP: 5/5
  2518 | D:4      | Found a white marble altar of Elyvilon.
  2537 | D:4      | Reached skill level 6 in Unarmed Combat
  2672 | D:4      | Found a bloodstained altar of Trog.
  2675 | D:4      | Reached XP level 7. HP: 55/59 MP: 6/6
  2757 | D:4      | Found a hazy altar of Hepliaklqana.
  2809 | D:4      | Found a staircase to the Ecumenical Temple.
  2858 | Temple   | Entered the Ecumenical Temple
  3254 | D:4      | Noticed Eustachio
  3270 | D:4      | Killed Eustachio
  3270 | D:4      | Reached skill level 7 in Unarmed Combat
  3331 | D:5      | Entered Level 5 of the Dungeon
  3376 | D:5      | Noticed Prince Ribbit
  3424 | D:5      | HP: 1/60 [Prince Ribbit (11)]
  3426 | D:5      | Mangled by Prince Ribbit

Skill      XL: |  1  2  3  4  5  6  7 |
---------------+----------------------+-----
Dodging        | 3 4 |  4.0
Unarmed Combat | 4 5 6 7 |  7.2
Armour         | 1 2 3 |  3.4
Fighting       | 4 |  4.3
Stealth        | |  2.2
Shields        | |  0.4

Action                   |  1- 3 |  4- 6 |  7- 9 || total
-------------------------+-------+-------+-------++-------
Melee: Unarmed           |   126 |   250 |   100 ||   476
       Punch             |     2 |     5 |       ||     7
  Use: Scroll            |       |     2 |     1 ||     3
       Potion            |       |       |     1 ||     1
 Stab: Sleeping          |     1 |     1 |       ||     2
  Eat: Chunk             |    12 |    31 |     6 ||    49
Armor: Robe              |     4 |       |       ||     4
       Ring mail         |    45 |    94 |       ||   139
       Chain mail        |       |    16 |    73 ||    89
Dodge: Dodged            |    95 |   217 |    28 ||   340
Block: Shield            |       |       |    27 ||    27
